 Dungeon Crawl Stone Soup version 0.31-a0-1068-g5939ac1fb6 (webtiles) character file.

Game seed: 15169935825314622774

662269 CrazyBamboolord the Maledictor (level 27, -3/228 HPs)
             Began as a Barachi Hunter on Nov 15, 2023.
             Was a High Priest of the Shining One.
             Slain by a death scarab (19 damage)
             ... summoned by a royal mummy
             ... on level 12 of a ziggurat on Nov 25, 2023.
             The game lasted 05:09:14 (87139 turns).

CrazyBamboolord the Maledictor (Barachi Hunter)    Turns: 87139, Time: 05:09:14

Health: -3/228     AC: 17    Str: 14    XL:     27
Magic:  18/37      EV: 40    Int: 23    God:    the Shining One [*****.]
Gold:   4253       SH:  0    Dex: 29    Spells: 0/56 levels left

rFire   + . .        Y - +9 arbalest (holy)
rCold   + + .        (shield currently unavailable)
rNeg    + + .        D - +2 robe {rC+ rF+}
rPois   +            c - +3 crown of Dyrovepreva {rElec Int+2 SInv}
rElec   +            H - +2 cloak {Will+}
rCorr   +            O - +2 pair of gloves {Stlth+}
SInv    +            J - +2 pair of boots of Huatint {rPois}
Will    +++..        g - amulet of Vitality {RegenMP++ Regen++}
Stlth   +++          A - ring of the Firefly {rC+ EV+5}
HPRegen 2.18/turn    R - ring of Greed {rCorr Int+6 Dex+2}
MPRegen 1.05/turn

%: random rage (3%)
@: lethally poisoned (-3 -> -3), slowed, glowing, studying 5 skills, very slow
A: amphibious, slowness 1, strong legs 2, +LOS, agile 1, berserk 1, clever 1,
low MP 1, wild magic 1, no potion heal 1
}: 4/15 runes: serpentine, barnacled, slimy, bone
a: Hop, Renounce Religion, Divine Shield, Cleansing Flame, Summon Divine Warrior


You were on level 12 of a ziggurat.
You worshipped the Shining One.
The Shining One was extremely pleased with you.
You visited 15 branches of the dungeon, and saw 61 of its levels.
You visited 1 ziggurat, and saw 12 of its levels.
You also visited: Trove and Ice Cave.

You collected 10243 gold pieces.
You spent 5990 gold pieces at shops.

Inventory:

Hand Weapons
 x - the +8 longbow of Noil {flame, Will- Str+4 Dex+7 SInv}
   (You found it in a treasure trove)

   Str+4:     It affects your strength (+4).
   Dex+7:     It affects your dexterity (+7).
   Will-:     It decreases your willpower.
   SInv:      It lets you see invisible.
 Y - a +9 arbalest of holy wrath (weapon)
Missiles
 i - 3 throwing nets
Armour
 c - the +3 crown of Dyrovepreva (worn) {rElec Int+2 SInv}
   (You found it on level 10 of a ziggurat)

   Int+2:     It affects your intelligence (+2).
   rElec:     It insulates you from electricity.
   SInv:      It lets you see invisible.
 w - quicksilver dragon scales
 D - a +2 robe of resistance (worn)
 H - a +2 cloak of willpower (worn)
 I - a +2 helmet of intelligence
 J - the +2 pair of boots of Huatint (worn) {rPois}
   (You found it on level 3 of the Crypt)

   rPois:     It protects you from poison
 O - a +2 pair of gloves of stealth (worn)
 X - a +2 pair of boots of flying
Jewellery
 a - the ring of the Two Names {Drain rElec rF+ Dex+3}
   (You found it in a treasure trove)

   [ring of protection from fire]

   Dex+3:     It affects your dexterity (+3).
   rF+:       It protects you from fire.
   rElec:     It insulates you from electricity.
   Drain:     It drains your maximum health when unequipped.
 g - the amulet of Vitality (around neck) {RegenMP++ Regen++}
   (You bought it in a shop on level 1 of the Depths)

   [amulet of magic regeneration]

   RegenMP:   It increases your rate of magic regeneration.
   Regen++:   It increases your rate of health regeneration.
 l - the ring "Jyopisho" {Will+ Int+3}
   (You bought it in a shop on level 2 of the Vaults)

   [ring of willpower]

   Int+3:     It affects your intelligence (+3).
   Will+:     It increases your willpower.
 r - the ring "Hualur" {rF+ rN+ Str+2 Slay+4}
   (You found it in a treasure trove)

   [ring of slaying]

   Str+2:     It affects your strength (+2).
   Slay+4:    It affects your accuracy & damage with ranged weapons and melee
   (+4).
   rF+:       It protects you from fire.
   rN+:       It protects you from negative energy.
 s - the ring of Suetium {rPois rF+ rC- Will+ Stlth+}
   (You found it in a treasure trove)

   [ring of protection from fire]

   rF+:       It protects you from fire.
   rC-:       It makes you vulnerable to cold.
   rPois:     It protects you from poison Will+: It increases your willpower.
   Stlth+:    It makes you more stealthy.
 A - the ring of the Firefly (left hand) {rC+ EV+5}
   (You bought it in a shop on level 2 of the Orcish Mines)

   [ring of evasion]

   EV+5:      It affects your evasion (+5).
   rC+:       It protects you from cold.
 P - the ring of Ashenzari's Envy {rPois rN+ rCorr}
   (You found it on level 10 of a ziggurat)

   [ring of resist corrosion]

   rPois:     It protects you from poison rN+: It protects you from negative
   energy.
   rCorr:     It protects you from acid and corrosion.
 R - the ring of Greed (right hand) {rCorr Int+6 Dex+2}
   (You found it on level 3 of the Snake Pit)

   [ring of intelligence]

   Int+6:     It affects your intelligence (+6).
   Dex+2:     It affects your dexterity (+2).
   rCorr:     It protects you from acid and corrosion.
 U - the ring of Urapol {rC+ rN+}
   (You found it on level 5 of the Pits of Slime)

   [ring of protection from cold]

   rC+:       It protects you from cold.
   rN+:       It protects you from negative energy.
Wands
 q - a wand of digging (52)
 v - a wand of iceblast (36)
 E - a wand of acid (9)
 Z - a wand of paralysis (30)
Scrolls
 b - 8 scrolls of teleportation
 d - 10 scrolls of identify
 f - 3 scrolls of vulnerability
 n - 5 scrolls of fear
 p - 8 scrolls of enchant armour
 y - 8 scrolls of revelation
 z - 9 scrolls of poison
 F - 11 scrolls of amnesia
 G - a scroll of blinking
 M - 7 scrolls of fog
 N - 9 scrolls of butterflies
 Q - 8 scrolls of immolation
 S - 4 scrolls of silence
 T - 5 scrolls of enchant weapon
Potions
 e - 9 potions of mutation
 h - 9 potions of attraction
 j - 12 potions of enlightenment
 k - 8 potions of brilliance
 m - 9 potions of haste
 o - 5 potions of ambrosia
 u - 12 potions of curing
 B - 10 potions of resistance
 C - 4 potions of might
 K - a potion of magic
 L - 3 potions of heal wounds
 V - 2 potions of cancellation
 W - 5 potions of lignification
Miscellaneous
 t - a phantom mirror


   Skills:
 - Level 21.0 Fighting
 - Level 21.0 Ranged Weapons
 - Level 8.0 Armour
 - Level 21.0 Dodging
 - Level 10.0 Stealth
 - Level 15.0 Spellcasting
 - Level 24.0 Hexes
 + Level 16.1 Translocations
 - Level 22.0 Ice Magic
 - Level 17.0 Invocations


You couldn't memorise any spells.
You knew the following spells:

 Your Spells              Type           Power      Damage    Failure   Level
a - Apportation           Tloc           100%       N/A       1%          1
b - Blink                 Tloc           100%       N/A       1%          2
c - Passage of Golubria   Tloc           87%        N/A       1%          4
d - Dimensional Bullseye  Hex/Tloc       48%        N/A       1%          4
e - Dispersal             Tloc           43%        N/A       1%          6
f - Cause Fear            Hex            52%        N/A       1%          4
g - Metabolic Englaciati  Hex/Ice        51%        N/A       1%          5
h - Ozocubu's Armour      Ice            100%       N/A       1%          3
i - Ozocubu's Refrigerat  Ice            50%        4d18      1%          7
j - Enfeeble              Hex            52%        N/A       1%          7
k - Yara's Violent Unrav  Hex/Tmut       38%        3d15      1%          5
l - Discord               Hex            52%        N/A       2%          8

Your spell library contained the following spells:

 Spells                   Type           Power      Damage    Failure   Level
 Ensorcelled Hibernation  Hex/Ice        100%       N/A       1%          2
 Jinxbite                 Hex            100%       N/A       1%          2
 Confusing Touch          Hex            100%       N/A       1%          3
 Dazzling Flash           Conj/Hex       100%       N/A       1%          3
 Inner Flame              Hex/Fire       76%        N/A       1%          3
 Sigil of Binding         Hex            100%       N/A       1%          3
 Summon Guardian Golem    Hex/Summ       76%        N/A       1%          3
 Tukima's Dance           Hex            100%       N/A       1%          3
 Volatile Blastmotes      Fire/Tloc      100%       2d18      1%          3
 Anguish                  Hex/Necr       38%        N/A       1%          4
 Fulminant Prism          Conj/Hex       38%        3d17      1%          4
 Leda's Liquefaction      Hex/Erth       38%        N/A       1%          4
 Manifold Assault         Tloc           87%        N/A       1%          4
 Summon Ice Beast         Ice/Summ       73%        N/A       1%          4
 Silence                  Hex/Air        38%        N/A       1%          5
 Summon Mana Viper        Hex/Summ       76%        N/A       1%          5
 Iskenderun's Mystic Bla  Conj/Tloc      63%        2d13      2%          4
 Vhi's Electric Charge    Tloc/Air       100%       N/A       2%          4
 Foxfire                  Conj/Fire      88%        2x1d8     5%          1
 Kiss of Death            Conj/Necr      88%        2d12      5%          1
 Magic Dart               Conj           88%        1d7       5%          1
 Necrotise                Necr           88%        1d8       5%          1
 Sandblast                Erth           44%        2d11      5%          1
 Shock                    Conj/Air       88%        1d8       5%          1
 Summon Small Mammal      Summ           88%        N/A       5%          1
 Summon Forest            Summ/Tloc      31%        N/A       6%          5
 Call Imp                 Summ           44%        N/A       8%          2
 Cigotuvi's Dreadful Rot  Necr/Pois/Air  44%        N/A       8%          2
 Passwall                 Tmut/Erth      18%        N/A       8%          2
 Sublimation of Blood     Necr           22%        N/A       8%          2
 Freezing Cloud           Conj/Ice/Air   30%        6-21      8%          5
 Simulacrum               Ice/Necr       36%        N/A       9%          6
 Call Canine Familiar     Summ           22%        N/A       14%         3
 Ignite Poison            Fire/Tmut/Pois 22%        N/A       14%         3
 Mephitic Cloud           Conj/Pois/Air  22%        N/A       14%         3
 Stone Arrow              Conj/Erth      44%        3d9       14%         3
 Swiftness                Air            22%        N/A       14%         3
 Disjunction              Tloc           43%        N/A       38%         8
 Airstrike                Air            11%        2d(2-18)  41%         4
 Brom's Barrelling Bould  Conj/Erth      22%        2d4       41%         4
 Dispel Undead            Necr           22%        3d12      41%         4
 Flame Wave               Conj/Fire      22%        2d8       41%         4
 Olgreb's Toxic Radiance  Pois           22%        N/A       41%         4
 Petrify                  Tmut/Erth      22%        N/A       41%         4
 Sticky Flame             Conj/Fire      22%        2d4       41%         4
 Summon Lightning Spire   Summ/Air       22%        N/A       41%         4
 Agony                    Necr           22%        N/A       75%         5
 Alistair's Intoxication  Tmut/Pois      14%        N/A       75%         5
 Arcjolt                  Conj/Air       11%        1d21      75%         5
 Borgnjor's Vile Clutch   Necr/Erth      11%        N/A       75%         5
 Fireball                 Conj/Fire      11%        3d7       75%         5
 Irradiate                Conj/Tmut      11%        3d15      75%         5
 Iskenderun's Battlesphe  Conj           22%        2d8       75%         5
 Lee's Rapid Deconstruct  Erth           11%        3d8*      75%         5
 Bombard                  Conj/Erth      11%        9d3       99%         6
 Conjure Ball Lightning   Conj/Air       11%        3x3d6     99%         6
 Eringya's Noxious Bog    Tmut/Pois      11%        4d6       99%         6
 Plasma Beam              Fire/Air       11%        2x1d22    99%         6
 Starburst                Conj/Fire      11%        6d5       99%         6
 Summon Cactus Giant      Summ           11%        N/A       99%         6
 Haunt                    Necr/Summ      11%        N/A       100%        7
 Monstrous Menagerie      Summ           11%        N/A       100%        7
 Orb of Destruction       Conj           11%        9d6       100%        7
 Spellforged Servitor     Conj/Summ      11%        N/A       100%        7
 Summon Hydra             Summ           11%        N/A       100%        7
 Ignition                 Fire           11%        3d5       100%        8
 Lehudib's Crystal Spear  Conj/Erth      11%        10d4      100%        8
 Maxwell's Capacitive Co  Air            11%        ∞         100%        8


Dungeon Overview and Level Annotations

Branches:
Dungeon (15/15)            Temple (1/1) D:5            Lair (5/5) D:10
 Shoals (4/4) Lair:3        Snake (4/4) Lair:3        Slime (5/5) Lair:4
    Orc (2/2) D:11            Elf (3/3) Orc:2        Vaults (4/5) D:13
  Crypt (3/3) Vaults:3       Tomb (1/3) Crypt:3      Depths (4/4) D:15
   Hell (visited)             Dis (0/7) Hell            Geh (0/7) Hell
    Coc (0/7) Hell            Tar (7/7) Hell            Zot (2/5) Depths:4
  IceCv (visited)

Altars:
Ashenzari
Cheibriados
Dithmenos
Elyvilon
Fedhas
Gozag
Hepliaklqana
Kikubaaqudgha
Makhleb
Nemelex Xobeh
Okawaru
Qazlal
Ru
Sif Muna
Trog
Uskayaw
Vehumet
Wu Jian
Xom
Yredelemnul
Zin
The Shining One
Jiyva

Shops:
D:2 *(([(   D:9 :?   Orc:2 *=([   Elf:1 !   Vaults:2 ?(*:   Depths:1 =

Portals:
Hell: Depths:1 Depths:2 Depths:3 Depths:4
Abyss: Depths:2 Depths:3 Depths:4
Pandemonium: Depths:2

Annotations:
Elf:2 3 runed translucent doors, Aizul; Azrael
Zot:2 1 transporter, farilari's ghost, master SpHu


Innate Abilities, Weirdness & Mutations

You are amphibious.
You cover ground slowly.
You can hop long distances.
You have an extended range of vision and can be seen from far away.
You are agile. (Dex +4, Str/Int -1)
You sometimes lose your temper in combat.
Your mind is acute. (Int +4, Str/Dex -1)
Your magical capacity is low. (-10% MP)
Your spells are a little harder to cast, but a little more powerful.
Potions are less effective at restoring your health.


Message History

Your daeva hits the death scarab with a +4 eudemon blade of holy wrath!!
The death scarab convulses!!
The death scarab is destroyed!
The death scarab's corpse disappears in a puff of smoke!
Your daeva blocks the ushabti's attack.
A mummy comes into view.
The royal mummy gestures at you while chanting.
Something smites you!
* * * LOW HITPOINT WARNING * * *
Your daeva hits the ushabti with a +4 eudemon blade of holy wrath!
Your daeva hits the ushabti with a +4 eudemon blade of holy wrath.
Your life force feels restored.
Your Translocations skill increases to level 16!
Unknown command.
Hop to where?
Press: ? - help, Dir - move target
Okay, then.
Casting: Ozocubu's Refrigeration (mildly dangerous; 1% risk of failure)
Confirm with . or Enter, or press ? or * to list all spells.
Casting: Discord (dangerous; 2% risk of failure)
Press: ? - help, Dir - look around, f - activate The mummy flies into a frenzy! x4
The shadow dragon skeleton is unaffected.
The mummy flies into a frenzy!
The death scarab easily resists.
The mummy flies into a frenzy! x2; The ushabti is unaffected.
The mummy flies into a frenzy!
Your daeva resists with almost no effort.
The sphinx zombie is unaffected.
The mummy flies into a frenzy!
The royal mummy resists with almost no effort.
The mummy flies into a frenzy! x2; The juggernaut zombie is unaffected.
The ushabti is unaffected.
The tengu reaver skeleton is unaffected.
The mummy flies into a frenzy!
You are engulfed in dark miasma.
You feel as though you will be slow longer.
* * * LOW HITPOINT WARNING * * *
You feel very sick. The death scarab bites you.
* * * LOW HITPOINT WARNING * * *
The death scarab bites you!!
You die...

.........▓▓
..........▓▓▓
............▓▓
.............▓
.............▓▓
.....M........▓
..M..9........▓
..9.MMA○Z.B...▓▓
.M.MMM.ZZ@..∩..▓
...MMMM.Z..°..▓▓
.....M.......°▓
..............▓
.............▓▓
.............▓
............▓▓
..........▓▓▓
.........▓▓


You could see a royal mummy, 2 ushabtiu, a death scarab (summoned), a sphinx
zombie, a juggernaut zombie, a shadow dragon skeleton, a tengu reaver skeleton,
12 neutral mummies and a friendly daeva (summoned).

Vanquished Creatures
  Dissolution (Slime:2)
  A dread lich (Zig:11)
  Mara (Vaults:2)
  5 juggernauts
  A royal mummy (Zig:12)
  Boris (twice) (Crypt:1 Depths:3)
  2 Killer Klowns
  Geryon (Hell)
  11 golden dragons
  The ghost of Neirri the Fetichist, a veteran DrHW of Gozag (Crypt:2)
  6 Tzitzimimeh (Tar:7)
  5 profane servitors
  8 bone dragons
  2 hellephants
  5 doom hounds
  22 tainted leviathans
  15 tentacled monstrosities
  A spectral shard shrike (Tar:7)
  5 liches
  Grunn (Depths:3)
  2 walking frostbound tomes (Depths:4)
  A walking earthen tome (Depths:4)
  2 titans (Depths:4)
  15 acid blobs
  A quicksilver dragon (Zot:1)
  Frances (D:12)
  3 deep elf blademasters (Elf:3)
  A deep elf master archer (Elf:3)
  11 sphinxes
  2 searing wretches (Zig:10)
  6 death cobs
  3 ancient champions
  7 tengu reavers
  2 storm dragons
  8 azure jellies
  4 shadow dragons
  6 rockslimes
  13 nagarajas
  3 draconian monks
  4 fire giants
  5 revenants
  The ghost of ongoing the Black Belt, an adept DsMo of Nemelex Xobeh (Snake:3)
  3 draconian knights
  A ghost moth (Zot:2)
  The ghost of MacCMillion the Brawler, a journeyman TrSh of Ru (Shoals:2)
  9 frost giants
  8 vault wardens
  2 balrugs
  5 deep elf elementalists (Elf:3)
  10 deep elf sorcerers
  A caustic shrike zombie (Zig:12)
  3 iron dragons
  An angel (Depths:1)
  A spectral juggernaut (Tar:3)
  A juggernaut zombie (Depths:3)
  2 orc warlords
  2 draconian scorchers
  2 curse skulls
  7 ironbound preservers
  4 spectral caustic shrikes
  5 draconian annihilators (Zot:1)
  2 war gargoyles
  2 ghouls
  3 ironbound thunderhulks
  9 quicksilver oozes
  8 formless jellyfish
  A cacodemon (Depths:1)
  4 spriggan defenders
  21 very ugly things
  6 stone giants
  7 reapers
  3 yellow draconians
  6 green draconians
  9 vampire knights
  A spectral titan (Tar:1)
  4 deep elf demonologists (Elf:3)
  Nessos (Lair:4)
  18 putrid mouths
  7 white draconians
  3 lorocyprocas
  4 black draconians
  15 deep elf annihilators
  10 dire elephants
  6 purple draconians
  An eleionoma (Zig:9)
  5 eidola
  6 red draconians
  A spectral quicksilver dragon (Tar:2)
  3 spark wasps
  6 statues (Depths:3)
  2 crystal guardians (Vaults:4)
  6 deep elf death magi
  3 deep elf high priests
  5 spectral spriggans
  5 merfolk javelineers
  9 merfolk impalers
  9 yaktaur captains
  6 fire dragons
  4 jiangshi
  5 mummy priests (Tomb:1)
  12 ettins
  A quicksilver dragon zombie (Depths:3)
  3 entropy weavers
  4 rakshasas
  3 spectral krakens
  7 great orbs of eyes
  Fannar (D:12)
  3 hell beasts
  A quicksilver dragon skeleton (Crypt:1)
  2 peacekeepers (Vaults:4)
  6 hydras
  5 spriggan air magi
  2 vault guards (Vaults:1)
  2 catoblepae
  9 salamander tyrants
  7 ice dragons
  7 centaur warriors
  4 ghost crabs
  4 merfolk avatars
  4 anacondas
  An alligator snapping turtle (Shoals:3)
  A hydra (shapeshifter) (Vaults:1)
  12 ironbound frosthearts
  5 boulder beetles
  4 merfolk aquamancers
  A spriggan skeleton (Hell)
  An alligator (Zig:9)
  2 demonic crawlers (Depths:1)
  A spectral stone giant (Tar:1)
  2 death knights
  2 death yaks
  A fenstrider witch skeleton (Crypt:1)
  A sphinx skeleton (Crypt:2)
  9 two-headed ogres
  19 death scarabs
  4 deep troll shamans
  24 naga warriors
  3 deep troll earth magi
  2 hell hogs
  3 spectral dire elephants
  4 spriggan berserkers
  A quicksilver ooze zombie (Crypt:3)
  4 tengu warriors
  6 vampire magi
  16 dancing weapons
  3 orc high priests (Orc:2)
  13 naga sharpshooters
  6 shock serpents
  3 occultists
  A spriggan (Depths:3)
  18 deep elf knights
  10 hell knights
  6 skysharks
  4 soul eaters
  18 shadow wraiths
  A spectral bunyip (Tar:2)
  Nergalle (Lair:2)
  An iron troll (Depths:2)
  2 sixfirhies (Depths:1)
  17 skeletal warriors
  14 sun demons
  A storm dragon zombie (Depths:3)
  Lodul (D:12)
  10 salamander mystics
  A fire crab (Lair:5)
  2 spectral hydras (Tar:1)
  A quicksilver dragon simulacrum (Depths:1)
  A spriggan druid (Zig:9)
  A golden dragon zombie (Depths:1)
  A swamp dragon (Lair:5)
  A storm dragon skeleton (Zig:12)
  3 bog bodies
  13 sea snakes
  4 flayed ghosts
  11 glowing orange brains
  A spectral iron dragon (Tar:2)
  12 phantasmal warriors
  An anaconda zombie (Crypt:3)
  Pikel (D:7)
  33 harpies
  7 deep elf archers
  23 deep trolls
  3 naga ritualists
  8 arcanists
  9 ironbound convokers
  2 shadow dragon skeletons
  13 lindwurms
  A shadow dragon zombie (Vaults:4)
  3 orc sorcerers
  An anaconda skeleton (Hell)
  22 deep elf zephyrmancers
  2 wolf spiders (Lair:5)
  6 mana vipers
  An alligator zombie (Hell)
  11 necromancers
  33 deep elf pyromancers
  8 orc knights
  3 fauns
  A shining eye (Slime:5)
  41 ugly things
  2 salamanders (shapeshifter)
  A jorogumo skeleton (Crypt:3)
  9 manticores
  8 cyclopes
  17 salamanders
  2 spectral ettins
  An iron dragon skeleton (Depths:3)
  A centaur zombie (Crypt:1)
  A spectral alligator snapping turtle (Shoals:3)
  An oklob plant (Orc:1)
  Maurice (D:8)
  A fire giant skeleton (Depths:1)
  33 black mambas
  A guardian serpent (shapeshifter) (Vaults:1)
  2 spectral centaurs (Tar:2)
  13 vault sentinels
  4 stone giant skeletons
  7 water nymphs
  15 naga magi
  18 moths of wrath
  11 merfolk sirens
  19 elephants
  5 molten gargoyles
  9 guardian serpents
  6 rust devils
  2 spectral sea snakes (Shoals:3)
  18 cane toads
  8 smoke demons
  An eye of devastation (Lair:4)
  5 gargoyles
  A torpor snail (Lair:4)
  An alligator snapping turtle skeleton (Hell)
  29 yaktaurs
  3 kobold demonologists (D:12)
  4 rime drakes
  2 unseen horrors
  3 hellions
  6 komodo dragons
  An alligator snapping turtle zombie (Crypt:1)
  2 yaktaur zombies
  7 ice devils
  9 spectral swamp worms (Tar:7)
  8 tormentors
  An elf zombie (Vaults:4)
  A bunyip simulacrum (Crypt:1)
  A sea snake zombie (Hell)
  9 tengu conjurers
  A spectral naga (Tar:4)
  2 yaktaur skeletons
  2 sea snake skeletons (Hell)
  A hydra zombie (Hell)
  6 freezing wraiths (Crypt:3)
  5 guardian mummies
  A golden dragon simulacrum (Depths:1)
  A spectral merfolk (Shoals:3)
  A grey draconian skeleton (Crypt:3)
  23 merfolk
  4 spectral harpies
  5 trolls
  6 wind drakes
  11 polar bears
  A meliai (shapeshifter) (D:15)
  A tyrant leech (Zig:9)
  4 hornets
  A wind drake (shapeshifter) (D:12)
  6 dream sheep (Lair:4)
  An iron dragon simulacrum (Depths:1)
  A death drake skeleton (Crypt:2)
  A moth of wrath zombie (Crypt:1)
  A tarantella (Vaults:2)
  19 blink frogs
  A tyrant leech (shapeshifter) (Depths:4)
  18 flying skulls
  An ice dragon zombie (Crypt:1)
  8 snapping turtles
  4 glass eyes
  2 hydra skeletons (Hell)
  A spectral wind drake (Shoals:3)
  2 spectral manticores (Shoals:3)
  78 slime creatures
  4 air elementals
  9 shadows
  A satyr skeleton (Crypt:1)
  13 wyverns
  An ice dragon skeleton (Hell)
  A culicivora (Zig:1)
  Sigmund (D:3)
  A hog (shapeshifter) (D:14)
  3 fire elementals
  42 yaks
  9 wraiths
  7 basilisks
  A golden eye (shapeshifter) (D:15)
  9 golden eyes
  12 water elementals
  3 fire bats (Depths:3)
  4 steam dragons
  16 humans
  The ghost of stendehmen the Magician, an amateur DjCj (D:3)
  An alligator snapping turtle simulacrum (Hell)
  51 nagas
  6 redbacks
  Edmund (D:5)
  6 vampire mosquitoes
  7 wargs
  Duvessa (D:7)
  2 acid dragons (Lair:5)
  27 water moccasins
  A two-headed ogre zombie (Hell)
  4 black bears
  A fire bat skeleton (Crypt:2)
  2 deep troll skeletons
  A tengu skeleton (Depths:1)
  2 sky beasts (D:7)
  2 swamp drakes
  An ice beast (D:8)
  37 orc warriors
  A lindwurm zombie (Crypt:1)
  12 ogres
  2 boggarts (Elf:1)
  22 wolves
  3 phantoms
  7 centaurs
  A swamp dragon skeleton (Hell)
  A lemure (D:7)
  3 human skeletons (Vaults:4)
  A human zombie (Vaults:4)
  A naga simulacrum (Hell)
  14 bullfrogs
  3 kobold brigands
  A necrophage (Crypt:3)
  2 gnoll sergeants
  3 earth elementals
  7 wights
  Dowan (D:7)
  13 killer bees
  8 electric eels
  9 howler monkeys
  4 lava snakes (Lair:1)
  4 jellies
  3 hounds
  18 orc priests
  A gnoll bouda (D:10)
  A black bear skeleton (Crypt:3)
  7 iguanas
  18 orc wizards
  An acid dragon zombie (Crypt:2)
  An acid dragon skeleton (Crypt:3)
  A boggart simulacrum (D:14)
  10 mummies
  19 gnolls
  9 adders
  2 shadow imps (D:6)
  3 white imps
  2 ufetubi (D:7)
  4 worms
  A dart slug (D:1)
  85 orcs
  10 ball pythons
  5 bats
  8 endoplasms
  2 giant cockroaches
  7 goblins
  8 hobgoblins
  29 kobolds
  6 quokkas
  A ball python zombie (Crypt:2)
  A frilled lizard (D:3)
  A giant cockroach zombie (Crypt:2)
  A jackal skeleton (Crypt:2)
  A jackal zombie (D:6)
  4 rats
  2 tentacles
2338 creatures vanquished.

Vanquished Creatures (collateral kills)
  Ereshkigal (Tar:7)
  A juggernaut (Depths:3)
  2 ancient liches
  Boris (Crypt:3)
  Frederick (Vaults:2)
  Bai Suzhen (Snake:3)
  13 profane servitors (Tar:7)
  2 bone dragons (Tar:7)
  4 Tzitzimimeh (Tar:7)
  4 Brimstone Fiends (Zig:10)
  5 tainted leviathans (Tar:7)
  A lich (Depths:3)
  2 hellephants
  3 searing wretches
  6 acid blobs
  3 revenants (Crypt:3)
  A rockslime (Slime:5)
  3 nagarajas
  A fenstrider witch (Zig:9)
  7 azure jellies
  2 fire giants (Zig:11)
  An iron dragon (Depths:3)
  A frost giant (Depths:3)
  A spectral caustic shrike (Tar:4)
  3 balrugs
  3 ghouls
  2 formless jellyfish (Slime:4)
  A spriggan defender (Depths:3)
  A stone giant (Depths:3)
  2 ironbound preservers
  6 quicksilver oozes (Slime:5)
  A black draconian (Zot:2)
  6 putrid mouths (Tar:7)
  A deep elf annihilator (Depths:3)
  A yellow draconian (Zot:2)
  2 eidola (Crypt:3)
  A spectral quicksilver dragon (Crypt:3)
  An ettin (Depths:3)
  A deep elf death mage (Crypt:1)
  A spectral kraken (Tar:7)
  A yaktaur captain (Vaults:2)
  A salamander tyrant (Zig:11)
  A hydra (Zig:8)
  A vault guard (Vaults:1)
  2 spriggan air magi (Depths:3)
  2 merfolk aquamancers (Shoals:4)
  A death knight (Crypt:2)
  A catoblepas (Zig:8)
  A dancing weapon (Zig:6)
  A death yak (Zig:8)
  A vampire mage (Crypt:1)
  A naga warrior (Snake:3)
  A soul eater (Crypt:2)
  A sun demon (Hell)
  A spectral dire elephant (Crypt:3)
  A salamander mystic (Snake:4)
  5 shadow wraiths
  4 skeletal warriors (Crypt:1)
  A spriggan druid (Zig:9)
  A deep elf archer (Zig:6)
  2 flayed ghosts
  A deep troll (Vaults:2)
  An anaconda skeleton (Crypt:1)
  11 phantasmal warriors
  A jorogumo zombie (Crypt:3)
  2 shining eyes
  A will-o-the-wisp (Zig:9)
  An alligator skeleton (Crypt:2)
  A spectral alligator snapping turtle (Crypt:3)
  A vault sentinel (Vaults:2)
  2 naga magi (Zig:5)
  2 cane toads (Zig:8)
  A torpor snail (Zig:8)
  A spectral swamp worm (Tar:7)
  A tormentor (Tar:7)
  3 hellions
  A freezing wraith (Crypt:1)
  3 yaktaurs (Vaults:2)
  2 guardian mummies (Zig:12)
  An anaconda simulacrum (Crypt:1)
  An ice devil (Hell)
  A troll (Zig:3)
  A merfolk (shapeshifter) (Zig:4)
  5 hornets
  A snapping turtle (Shoals:4)
  A harpy skeleton (Hell)
  A snapping turtle (shapeshifter) (Zig:4)
  2 glass eyes
  A blink frog (Zig:8)
  An ice dragon skeleton (Crypt:1)
  49 slime creatures
  7 flying skulls (Crypt:3)
  5 spriggans
  An ushabti (Zig:12)
  2 wraiths
  2 golden eyes
  A yak (Zig:8)
  A black mamba skeleton (Crypt:1)
  A warg (Zig:3)
  2 nagas (Zig:5)
  An orc warrior (Zig:3)
  A manticore skeleton (Crypt:2)
  An ogre (Zig:3)
  A naga simulacrum (Crypt:1)
  2 necrophages (Crypt:1)
  3 orc priests (Zig:3)
  A deep dwarf skeleton (Crypt:2)
  A tengu skeleton (Crypt:3)
  A dart slug zombie (Crypt:3)
  2 tentacles (Tar:7)
268 creatures vanquished.

Vanquished Creatures (others)
  the Royal Jelly (Slime:5)
  A searing wretch (Zig:11)
  An acid blob (Slime:4)
  A storm dragon (Depths:4)
  A deep elf sorcerer (Elf:3)
  2 fire giants
  A balrug (Zig:11)
  A draconian annihilator (Zot:1)
  A deep elf demonologist (Zig:6)
  An eleionoma (Zig:9)
  A deep elf high priest (Zig:6)
  A hydra (Zig:9)
  A great orb of eyes (Slime:5)
  A two-headed ogre (D:13)
  A skyshark (Zig:8)
  A deep elf pyromancer (Elf:3)
  A necromancer (Crypt:1)
  A shining eye (Slime:5)
  A will-o-the-wisp (Zig:9)
  A black mamba (Zig:5)
  A cane toad (Zig:8)
  A hellion (Zig:10)
  18 slime creatures
  A human (D:6)
  2 orc wizards
  2 orcs (D:6)
  4 foxfires (Zig:9)
  27 tentacles
77 creatures vanquished.

Grand Total: 2683 creatures vanquished

Notes
Turn   | Place    | Note
-------+----------+-------------------------------------------
     0 | D:1      | CrazyBamboolord the Barachi Hunter began the quest for the
                  | Orb.
     0 | D:1      | Reached XP level 1. HP: 17/17 MP: 1/1
    49 | D:1      | Reached skill level 1 in Stealth
    93 | D:1      | Found a faded altar of an unknown god.
   119 | D:1      | Reached XP level 2. HP: 23/23 MP: 2/2
   720 | D:2      | Found Guiq's Antique Weapon Emporium.
   819 | D:2      | Reached XP level 3. HP: 28/28 MP: 3/3
   969 | D:2      | Found Bofuemio's Assorted Antiques.
   980 | D:2      | Found Juolel's Weapon Shop.
   992 | D:2      | Bought a scroll labelled GEUHUO CIUCY for 17 gold pieces
   992 | D:2      | Bought a scroll labelled KEOKA SEOJILOE for 17 gold pieces
   992 | D:2      | Bought a clear potion for 15 gold pieces
  1062 | D:2      | Found Ugowabbe's Weapon Shop.
  1101 | D:2      | Found Hydudd's Antique Armour Shop.
  1193 | D:2      | Reached XP level 4. HP: 35/35 MP: 4/4
  1648 | D:3      | Found a runed translucent gate.
  1648 | D:3      | Found a runed translucent gate.
  1678 | D:3      | Noticed Sigmund
  1686 | D:3      | Killed Sigmund
  1687 | D:3      | Reached skill level 5 in Ranged Weapons
  1687 | D:3      | Reached XP level 5. HP: 21/41 MP: 5/5
  1687 | D:3      | Reached XP level 6. HP: 24/47 MP: 6/6
  1810 | D:3      | Found a runed translucent gate.
  1814 | D:3      | Noticed stendehmen's ghost (amateur DjCj)
  2433 | D:4      | Noticed a black bear
  2449 | D:4      | Killed a black bear
  2948 | D:4      | Reached skill level 5 in Dodging
  2953 | D:4      | Reached XP level 7. HP: 54/54 MP: 7/7
  3511 | D:5      | Entered Level 5 of the Dungeon
  3609 | D:5      | Noticed Edmund
  4045 | D:5      | Found a staircase to the Ecumenical Temple.
  4057 | D:5      | Killed Edmund
  4058 | D:5      | Reached XP level 8. HP: 61/61 MP: 8/8
  4068 | Temple   | Entered the Ecumenical Temple
  4140 | Temple   | Became a worshipper of the Shining One
  4302 | D:5      | Reached skill level 5 in Fighting
  4753 | D:6      | Found a runed translucent door.
  4756 | D:6      | Found a basalt altar of Yredelemnul.
  5124 | D:6      | Noticed a two-headed ogre
  5184 | D:5      | Killed a two-headed ogre
  5185 | D:5      | Reached XP level 9. HP: 28/69 MP: 4/9
  5718 | D:7      | Reached skill level 5 in Stealth
  5812 | D:7      | Noticed a hornet
  5823 | D:7      | Killed a hornet
  5907 | D:7      | Noticed Pikel
  5924 | D:7      | Killed Pikel
  5925 | D:7      | Reached XP level 10. HP: 45/77 MP: 6/10
  6166 | D:7      | Noticed Duvessa
  6168 | D:7      | Noticed Dowan
  6180 | D:7      | Killed Duvessa
  6196 | D:7      | Killed Dowan
  6402 | D:7      | Found a stormy altar of Qazlal.
  6420 | D:7      | Reached * piety under the Shining One
  7142 | D:8      | Noticed a two-headed ogre
  7151 | D:8      | Killed a two-headed ogre
  7152 | D:8      | Reached skill level 1 in Invocations
  7152 | D:8      | Noticed Maurice
  7166 | D:8      | Killed Maurice
  7167 | D:8      | Reached skill level 10 in Dodging
  7255 | D:8      | Reached skill level 10 in Ranged Weapons
  7813 | D:8      | Found a sacrificial altar of Ru.
  8363 | D:8      | Identified the +1 flail of Zereng {freeze, Stlth+}
  8432 | D:8      | Reached XP level 11. HP: 84/86 MP: 12/12
  8762 | D:9      | Found a hazy altar of Hepliaklqana.
  9266 | D:9      | Found Noxaulipp's Magic Scroll Boutique.
  9282 | D:9      | Found Ytec's Book Boutique.
  9344 | D:9      | Bought a scroll of enchant armour for 112 gold pieces
  9344 | D:9      | Bought a scroll of poison for 60 gold pieces
  9465 | D:9      | Reached ** piety under the Shining One
  9893 | D:10     | Entered Level 10 of the Dungeon
  9894 | D:10     | Noticed a cyclops
  9938 | D:10     | Noticed a two-headed ogre
  9948 | D:10     | Killed a two-headed ogre
 10031 | D:10     | Killed a cyclops
 10306 | D:10     | Found a staircase to the Lair.
 10342 | D:10     | Noticed a two-headed ogre
 10388 | D:10     | Killed a two-headed ogre
 10848 | D:10     | You fall into a shaft and drop 2 floors!
 10929 | D:11     | Noticed a red ugly thing
 10936 | D:11     | Reached XP level 12. HP: 95/95 MP: 13/15
 10992 | D:11     | Reached skill level 5 in Invocations
 11374 | D:10     | Found a hide-covered altar of Uskayaw.
 11470 | D:11     | Found a frozen archway.
 11475 | IceCv    | Entered an ice cave
 11773 | IceCv    | Noticed a death yak
 11773 | IceCv    | Reached *** piety under the Shining One
 11801 | IceCv    | Killed a death yak
 12852 | IceCv    | Noticed a death yak
 12852 | IceCv    | Noticed a frost giant
 12852 | IceCv    | Noticed a death yak
 13163 | D:11     | Noticed a two-headed ogre
 13171 | D:11     | Killed a two-headed ogre
 13253 | D:11     | Found a staircase to the Orcish Mines.
 13595 | Lair:1   | Entered Level 1 of the Lair of Beasts
 13744 | Lair:1   | Reached skill level 10 in Fighting
 14141 | Lair:1   | Noticed a skyshark
 14195 | Lair:1   | Killed a skyshark
 14618 | Lair:1   | Gained mutation: You can hop long distances. [Barachi
                  | growth]
 14618 | Lair:1   | Reached XP level 13. HP: 84/103 MP: 13/17
 15571 | Lair:2   | You fall into a shaft and drop 1 floor!
 15903 | Lair:3   | Found a staircase to the Shoals.
 16029 | Lair:2   | Upgraded the game from 0.31-a0-1009-g454b1f1e0a to
                  | 0.31-a0-1027-gfb7600b534
 16097 | Lair:2   | Noticed Nergalle
 16137 | Lair:2   | Killed Nergalle
 17193 | Lair:3   | Reached **** piety under the Shining One
 18677 | Lair:3   | Found a staircase to the Snake Pit.
 19199 | Lair:3   | Identified the ring of Putuarod {EV+5 Str+2}
 19993 | Lair:4   | Noticed Nessos
 20012 | Lair:4   | Killed Nessos
 20218 | Lair:4   | Reached XP level 14. HP: 113/113 MP: 20/20
 20658 | Lair:4   | Found a viscous altar of Jiyva.
 20658 | Lair:4   | Found a staircase to the Slime Pits.
 20740 | Lair:5   | Entered Level 5 of the Lair of Beasts
 21663 | Lair:5   | Reached skill level 15 in Dodging
 22490 | Lair:5   | Reached XP level 15. HP: 118/120 MP: 20/22
 22611 | Lair:5   | Identified the +4 chain mail of Sunlight {Str+6 Int-3}
 22746 | Lair:5   | Reached ***** piety under the Shining One
 23118 | Lair:5   | Upgraded the game from 0.31-a0-1027-gfb7600b534 to
                  | 0.31-a0-1036-g31867e143a
 23430 | Orc:1    | Entered Level 1 of the Orcish Mines
 23526 | Orc:1    | Reached skill level 10 in Invocations
 23655 | Orc:2    | Entered Level 2 of the Orcish Mines
 23748 | Orc:1    | Reached skill level 1 in Translocations
 24017 | Orc:2    | Found Suosoyhi's Antique Weapon Boutique.
 24217 | Orc:1    | Reached skill level 10 in Stealth
 24262 | Orc:1    | Reached skill level 1 in Spellcasting
 24681 | Orc:2    | Noticed an orc warlord
 24837 | Orc:2    | Found a staircase to the Elven Halls.
 24856 | Orc:2    | Found Ruefa's General Store.
 24872 | Orc:2    | Bought a scroll of revelation for 105 gold pieces
 24872 | Orc:2    | Bought a scroll of blinking for 105 gold pieces
 24872 | Orc:2    | Bought a scroll of revelation for 105 gold pieces
 24872 | Orc:2    | Bought a scroll of teleportation for 42 gold pieces
 24888 | Orc:2    | Killed an orc warlord
 25082 | Orc:2    | Found Bueponag's Jewellery Shoppe.
 25091 | Orc:2    | Bought the ring of the Firefly {rC+ EV+5} for 700 gold
                  | pieces
 25345 | Orc:2    | Found Berghi's Antique Armour Emporium.
 25439 | Orc:2    | Bought a shiny helmet for 180 gold pieces
 25931 | D:12     | Noticed Frances
 25946 | D:12     | Killed Frances
 26290 | D:12     | Found a bloodstained altar of Trog.
 26414 | D:12     | Reached skill level 15 in Ranged Weapons
 26449 | D:12     | Noticed Lodul
 26462 | D:12     | Killed Lodul
 26523 | D:12     | Noticed Fannar
 26529 | D:12     | Killed Fannar
 26811 | D:13     | Reached ****** piety under the Shining One
 26811 | D:13     | Found a gate to the Vaults.
 27381 | D:13     | Reached XP level 16. HP: 78/131 MP: 16/24
 27390 | D:13     | Reached skill level 5 in Translocations
 27979 | D:13     | Learned a level 1 spell: Apportation
 27982 | D:13     | Learned a level 2 spell: Blink
 27987 | D:13     | Learned a level 4 spell: Passage of Golubria
 29541 | D:15     | Entered Level 15 of the Dungeon
 29820 | D:15     | Found a staircase to the Depths.
 30274 | D:15     | Identified the +1 sling of Jeulon {heavy, rC+ Will+}
 30820 | D:15     | Identified the +2 short sword of Tafuudalo {freeze, Str+6}
 31648 | Snake:1  | Entered Level 1 of the Snake Pit
 31706 | Snake:1  | Found a glowing golden altar of the Shining One.
 32013 | Snake:1  | Found a runed translucent door.
 32058 | Snake:1  | Reached skill level 5 in Spellcasting
 33447 | Snake:2  | Noticed a nagaraja
 33822 | Snake:1  | Reached XP level 17. HP: 115/139 MP: 20/25
 35198 | Snake:3  | Noticed Bai Suzhen
 35216 | Snake:3  | Killed Bai Suzhen
 36372 | Snake:3  | Found a transporter.
 36373 | Snake:3  | Noticed ongoing's ghost (adept DsMo)
 36374 | Snake:3  | Found a bloodstained altar of Trog.
 36711 | Snake:3  | Found a transporter.
 37067 | Snake:4  | Entered Level 4 of the Snake Pit
 38440 | Snake:4  | Reached skill level 15 in Fighting
 39652 | Snake:4  | Reached XP level 18. HP: 86/149 MP: 20/30
 39991 | Snake:4  | Identified the +3 scale mail of Kikubaaqudgha's Grace
                  | {rElec Str-3 Int+3 Dex+3}
 40021 | Snake:4  | Reached skill level 10 in Translocations
 40380 | Snake:4  | Reached skill level 1 in Hexes
 40654 | Snake:4  | Reached skill level 2 in Hexes
 41019 | Snake:4  | Reached skill level 3 in Hexes
 41153 | Snake:4  | Got a serpentine rune of Zot
 41312 | Shoals:1 | Entered Level 1 of the Shoals
 41581 | Shoals:1 | Reached skill level 10 in Spellcasting
 41589 | Shoals:1 | Reached skill level 4 in Hexes
 41652 | Shoals:1 | Reached skill level 5 in Hexes
 41863 | Shoals:1 | Reached skill level 6 in Hexes
 42615 | Shoals:2 | Reached skill level 7 in Hexes
 42693 | Shoals:2 | Reached skill level 8 in Hexes
 43202 | Shoals:2 | Found a runed translucent door.
 43203 | Shoals:2 | Noticed MacCMillion's ghost (journeyman TrSh)
 43653 | D:3      | Killed stendehmen's ghost
 43680 | D:3      | Learned a level 4 spell: Dimensional Bullseye
 44068 | Shoals:3 | Reached skill level 9 in Hexes
 44650 | Shoals:3 | Reached skill level 10 in Hexes
 44663 | Shoals:3 | Learned a level 3 spell: Tukima's Dance
 44858 | Shoals:3 | Reached skill level 1 in Armour
 45280 | Shoals:4 | Identified the "Nilobib"
 45280 | Shoals:4 | Identified the of Baamadaef
 45280 | Shoals:4 | Entered Level 4 of the Shoals
 45285 | Shoals:4 | Found the +10 dark maul {heavy}
 45326 | Shoals:4 | Reached XP level 19. HP: 153/155 MP: 33/33
 45378 | Shoals:4 | HP: 4/155 [merfolk javelineer/javelin (15)]
 46065 | Shoals:4 | Got a barnacled rune of Zot
 47394 | Vaults:1 | Entered Level 1 of the Vaults
 47628 | Vaults:1 | You are sucked into a shaft and drop 1 floor!
 47698 | Vaults:2 | Reached skill level 5 in Armour
 48116 | Vaults:2 | Noticed Frederick
 48130 | Vaults:2 | Killed Frederick
 48133 | Vaults:2 | Noticed Mara
 48145 | Vaults:2 | Noticed CrazyBamboolord's illusion
 48191 | Vaults:2 | Upgraded the game from 0.31-a0-1036-g31867e143a to
                  | 0.31-a0-1066-g35875b34c7
 48733 | Vaults:2 | Found Ibluma's Book Shoppe.
 48748 | Vaults:2 | Learned a level 4 spell: Cause Fear
 48961 | Vaults:2 | Found Kunet's Weapon Shoppe.
 49570 | Vaults:1 | Identified a +8 arbalest of holy wrath (a +6 arbalest of
                  | electrocution blessed by the Shining One)
 49570 | Vaults:1 | Received a gift from the Shining One
 49621 | Vaults:1 | Reached XP level 20. HP: 132/166 MP: 24/34
 50225 | Vaults:1 | Found Zayn's Distillery.
 50456 | Vaults:1 | Bought a potion of heal wounds for 75 gold pieces
 50456 | Vaults:1 | Bought a potion of haste for 150 gold pieces
 50456 | Vaults:1 | Bought a potion of curing for 45 gold pieces
 50456 | Vaults:1 | Bought a potion of resistance for 150 gold pieces
 50456 | Vaults:1 | Bought a potion of heal wounds for 75 gold pieces
 50456 | Vaults:1 | Bought a potion of brilliance for 60 gold pieces
 50456 | Vaults:1 | Bought 2 potions of resistance for 300 gold pieces
 50456 | Vaults:1 | Bought a potion of curing for 45 gold pieces
 50456 | Vaults:1 | Bought a potion of mutation for 120 gold pieces
 50456 | Vaults:1 | Bought a potion of curing for 45 gold pieces
 50456 | Vaults:1 | Bought a potion of heal wounds for 75 gold pieces
 50456 | Vaults:1 | Bought a potion of enlightenment for 75 gold pieces
 51705 | Vaults:2 | Killed Mara
 52012 | Vaults:2 | Found a portal to a secret trove of treasure.
 52013 | Vaults:2 | Found Neasiokk's Magic Scroll Boutique.
 52031 | Vaults:2 | Bought a scroll of teleportation for 36 gold pieces
 52031 | Vaults:2 | Bought a scroll of fear for 48 gold pieces
 52031 | Vaults:2 | Bought a scroll of teleportation for 36 gold pieces
 52542 | Vaults:2 | Found Zuxaal's General Store.
 52545 | Vaults:2 | Bought the ring "Jyopisho" {Will+ Int+3} for 804 gold
                  | pieces
 52545 | Vaults:2 | Bought a scroll of teleportation for 63 gold pieces
 53050 | Vaults:3 | Found a staircase to the Crypt.
 53503 | Vaults:3 | HP: 2/170 [yaktaur captain/bolt (29)]
 53520 | Vaults:3 | HP: 6/170 [yaktaur captain/bolt (27)]
 55226 | Vaults:4 | Reached XP level 21. HP: 178/178 MP: 24/35
 56879 | Vaults:4 | Learned a level 5 spell: Metabolic Englaciation
 57136 | Vaults:4 | Reached skill level 1 in Ice Magic
 57498 | Elf:1    | Entered Level 1 of the Elven Halls
 57972 | Elf:1    | Paralysed by an air elemental for 1 turns
 58326 | Elf:1    | Reached skill level 11 in Hexes
 58332 | Elf:1    | Reached skill level 5 in Ice Magic
 58349 | Elf:1    | Found Ufef Ithroti's Distillery.
 58485 | Elf:1    | Bought a potion of mutation for 120 gold pieces
 58485 | Elf:1    | Bought a potion of lignification for 45 gold pieces
 58485 | Elf:1    | Bought a potion of mutation for 120 gold pieces
 58485 | Elf:1    | Bought a potion of mutation for 120 gold pieces
 58485 | Elf:1    | Bought a potion of haste for 150 gold pieces
 58485 | Elf:1    | Bought a potion of heal wounds for 75 gold pieces
 58996 | Elf:2    | Found a runed translucent gate.
 58996 | Elf:2    | Found a runed translucent gate.
 58996 | Elf:2    | Found a runed translucent gate.
 59139 | Elf:2    | Learned a level 3 spell: Ozocubu's Armour
 59250 | Elf:2    | Paralysed by an air elemental for 1 turns
 59465 | Elf:2    | Reached skill level 12 in Hexes
 59793 | Elf:2    | Noticed Azrael
 59798 | Elf:2    | Identified the serpent talisman "Wuciel" {*Corrode rPois
                  | rF+++ SInv}
 59798 | Elf:2    | Noticed Aizul
 59820 | Elf:3    | Entered Level 3 of the Elven Halls
 60635 | Elf:3    | Reached skill level 10 in Ice Magic
 60635 | Elf:3    | Reached XP level 22. HP: 187/187 MP: 31/36
 60834 | Elf:3    | Identified the +0 leather armour of Least Resistance {Fly}
 60872 | Elf:3    | Identified the +9 great sword of Garuewk {freeze, rElec
                  | rPois rF+ Str-5}
 61320 | Elf:3    | Identified the +10 whip of the Flying Lamprey {flame, rElec
                  | rC++ Dex-2}
 61320 | Elf:3    | Identified the ring of Quxtusuism {rPois rN+++ Will+ MP-9
                  | Dex-5}
 61568 | Elf:3    | Identified the +3 dagger of the Real Monster {heavy, rC+}
 61634 | Elf:3    | Identified the ring "Hacrucang" {rF+ rC+ Will- SInv}
 62284 | Crypt:1  | Entered Level 1 of the Crypt
 62940 | Crypt:1  | Noticed Boris
 62950 | Crypt:1  | Killed Boris
 63274 | Crypt:2  | Learned a level 7 spell: Ozocubu's Refrigeration
 63282 | Crypt:2  | Learned a level 7 spell: Enfeeble
 63327 | Crypt:2  | Found a runed translucent door.
 63327 | Crypt:2  | Noticed Neirri's ghost (veteran DrHW)
 63345 | Crypt:2  | Killed Neirri's ghost
 63760 | Crypt:2  | Reached skill level 13 in Hexes
 64038 | Crypt:3  | Entered Level 3 of the Crypt
 64038 | Crypt:3  | Found a staircase to the Tomb.
 64210 | Crypt:3  | Noticed Boris
 64217 | Crypt:3  | Killed Boris
 64408 | Crypt:3  | Reached XP level 23. HP: 194/194 MP: 24/38
 64434 | Crypt:3  | Found an ancient bone altar of Kikubaaqudgha.
 65376 | Crypt:3  | Identified the ring "Dira" {rElec rN+}
 65376 | Crypt:3  | Identified the ring "Jeep" {rN+ Dex+2}
 65393 | Crypt:3  | Identified the +2 pair of boots of Huatint {rPois}
 65724 | Depths:1 | Entered Level 1 of the Depths
 65727 | Depths:1 | Found Ywatao's Jewellery Boutique.
 65758 | Depths:1 | Bought the amulet of Vitality {RegenMP++ Regen++} for 1700
                  | gold pieces
 65758 | Depths:1 | Found the amulet of Vitality {RegenMP++ Regen++}
 65773 | Depths:1 | Found a one-way gateway to a ziggurat.
 65799 | Depths:1 | Reached skill level 14 in Hexes
 66033 | Depths:1 | Found a gateway to Hell.
 66565 | Depths:2 | Found a one-way gate to the infinite horrors of the Abyss.
 67154 | Depths:2 | Noticed a juggernaut
 67175 | Depths:2 | Killed a juggernaut
 67176 | Depths:2 | Reached skill level 15 in Ice Magic
 67244 | Depths:2 | Identified the +5 broad axe of the Grey Skies {heavy, rN+
                  | SInv}
 67325 | Depths:2 | Found a one-way gate leading to the halls of Pandemonium.
 67407 | Depths:3 | Noticed Boris
 67471 | Depths:3 | Killed Boris
 67642 | Depths:3 | Noticed a juggernaut
 67661 | Depths:3 | Killed a juggernaut
 67801 | Depths:3 | Reached skill level 15 in Hexes
 67824 | Depths:3 | Reached XP level 24. HP: 177/201 MP: 40/40
 67985 | Depths:3 | Upgraded the game from 0.31-a0-1066-g35875b34c7 to
                  | 0.31-a0-1068-g5939ac1fb6
 68716 | Depths:3 | Noticed an ancient lich
 68723 | Depths:3 | Killed an ancient lich
 69049 | Depths:3 | Found a radiant altar of Vehumet.
 69108 | Depths:3 | Noticed Grunn
 69118 | Depths:3 | Killed Grunn
 69357 | Depths:3 | Identified the +4 arbalest of Rerixtoz {heavy, *Corrode
                  | Will++}
 69686 | Depths:3 | Noticed a juggernaut
 69708 | Depths:3 | Killed a juggernaut
 69905 | Depths:3 | Reached skill level 16 in Hexes
 69907 | Depths:3 | Reached skill level 15 in Invocations
 70195 | Depths:4 | Entered Level 4 of the Depths
 70703 | Depths:4 | Found a gate to the Realm of Zot.
 70764 | Depths:4 | Found a bloodstained altar of Trog.
 70764 | Depths:4 | Found a blossoming altar of Fedhas.
 70764 | Depths:4 | Found an ornate altar of the Wu Jian Council.
 71159 | Depths:4 | Reached skill level 17 in Hexes
 71179 | Depths:4 | Noticed a juggernaut
 71308 | Depths:4 | Killed a juggernaut
 71508 | Depths:4 | Identified the +5 rapier of Crusades {drain, rN+ Str+5
                  | Dex-5}
 71537 | Depths:4 | Noticed a juggernaut
 71560 | Depths:4 | Killed a juggernaut
 71823 | Depths:4 | Reached XP level 25. HP: 193/207 MP: 40/40
 71869 | Depths:4 | Reached skill level 18 in Hexes
 71913 | Depths:4 | Identified the +2 battleaxe of Wariness {pain, rC+ SInv}
 72146 | Depths:4 | Noticed a juggernaut
 72166 | Depths:4 | Killed a juggernaut
 72520 | Vaults:2 | You paid a toll of +2 fire dragon scales to enter a
                  | treasure trove
 72521 | Trove    | Entered a treasure trove
 72529 | Trove    | Identified the ring of the Two Names {Drain rElec rF+
                  | Dex+3}
 72534 | Trove    | Identified the +8 longbow of Noil {flame, Will- Str+4 Dex+7
                  | SInv}
 72544 | Trove    | Identified the ring "Hualur" {rF+ rN+ Str+2 Slay+4}
 72546 | Trove    | Identified the ring of Suetium {rPois rF+ rC- Will+ Stlth+}
 72553 | Trove    | Identified the +5 scale mail of Demons {*Corrode rC++ Str+2
                  | Dex+3}
 72580 | Vaults:2 | Learned a level 5 spell: Yara's Violent Unravelling
 72735 | Hell     | Entered the Vestibule of Hell
 72735 | Hell     | Noticed Geryon
 72750 | Hell     | Killed Geryon
 72994 | Hell     | Gained mutation: You are vulnerable to heat. (rF-) [a
                  | cacodemon]
 73005 | Depths:1 | Gained mutation: Your spells are a little easier to cast,
                  | but a little less powerful. [a cacodemon]
 73006 | Depths:1 | Gained mutation: You have sharp toenails. [a cacodemon]
 73010 | Depths:1 | Lost mutation: You have sharp toenails. [potion of
                  | mutation]
 73010 | Depths:1 | Lost mutation: You are vulnerable to heat. (rF-) [potion of
                  | mutation]
 73010 | Depths:1 | Lost mutation: Your spells are a little easier to cast, but
                  | a little less powerful. [potion of mutation]
 73010 | Depths:1 | Gained mutation: Your spells are a little harder to cast,
                  | but a little more powerful. [potion of mutation]
 73010 | Depths:1 | Gained mutation: Your mind is acute. (Int +4, Str/Dex -1)
                  | [potion of mutation]
 73010 | Depths:1 | Gained mutation: You sometimes lose your temper in combat.
                  | [potion of mutation]
 73010 | Depths:1 | Gained mutation: You are agile. (Dex +4, Str/Int -1)
                  | [potion of mutation]
 73427 | Hell     | Found a gateway to the freezing wastes of Cocytus.
 73563 | Hell     | Found a gateway to the Iron City of Dis.
 73600 | Hell     | Found a gateway to the ashen valley of Gehenna.
 73717 | Hell     | Found a gateway to the decaying netherworld of Tartarus.
 73752 | Tar:1    | Entered Level 1 of Tartarus
 74658 | Tar:4    | Noticed an ancient lich
 74674 | Tar:4    | Reached XP level 26. HP: 176/217 MP: 38/40
 74679 | Tar:4    | Killed an ancient lich
 74882 | Tar:5    | You are sucked into a shaft and drop 1 floor!
 75199 | Tar:7    | Entered Level 7 of Tartarus
 76250 | Tar:7    | Reached skill level 19 in Hexes
 76895 | Tar:7    | Noticed Ereshkigal
 77032 | Tar:7    | Killed Ereshkigal
 77044 | Tar:7    | Found the +2 hood of the Assassin {Detect Stab+ Stlth++}
 77068 | Tar:7    | Identified the +1 robe "Arobrin" {rElec rC- Will+}
 77071 | Tar:7    | Got a bone rune of Zot
 77074 | Tar:7    | Identified the +3 troll leather armour of Benevolence
                  | {Regen+ Int+3 SInv Stlth+}
 77377 | Tar:7    | Reached XP level 27. HP: 101/226 MP: 41/41
 77671 | Tar:7    | Identified the +9 plate armour of the Beginning {*Slow
                  | rElec Int+2 Dex+6}
 77896 | Hell     | Learned a level 8 spell: Discord
 78187 | Tomb:1   | Entered Level 1 of the Tomb of the Ancients
 78798 | Tomb:1   | Reached skill level 15 in Spellcasting
 79626 | Zot:1    | Entered Level 1 of the Realm of Zot
 80271 | Zot:1    | Reached skill level 20 in Hexes
 81189 | Zot:2    | Reached skill level 21 in Hexes
 81479 | Zot:2    | Found a transporter.
 81479 | Zot:2    | Noticed farilari's ghost (master SpHu)
 81480 | Zot:2    | Noticed an ancient lich
 81482 | Zot:2    | Noticed an ancient lich
 82566 | Shoals:2 | Killed MacCMillion's ghost
 82747 | Snake:3  | Killed ongoing's ghost
 82793 | Snake:3  | Identified the ring of Greed {rCorr Int+6 Dex+2}
 82923 | Slime:1  | Entered Level 1 of the Pits of Slime
 82930 | Slime:1  | Reached skill level 22 in Hexes
 82990 | Slime:1  | Paralysed by a formless jellyfish for 1 turns
 83724 | Slime:4  | Reached skill level 23 in Hexes
 84153 | Slime:2  | Noticed Dissolution
 84166 | Slime:2  | Killed Dissolution
 84583 | Slime:5  | Entered Level 5 of the Pits of Slime
 84590 | Slime:5  | Gained mutation: Your magical capacity is low. (-10% MP) [a
                  | shining eye]
 84722 | Slime:5  | Reached skill level 24 in Hexes
 84788 | Slime:5  | Found a viscous altar of Jiyva.
 84859 | Slime:5  | Noticed the Royal Jelly
 84878 | Slime:5  | Killed the Royal Jelly
 85058 | Slime:5  | Got Sif Muna's Secrets of the Gusty Salvo
 85074 | Slime:5  | Identified the ring of Urapol {rC+ rN+}
 85076 | Slime:5  | Identified the +3 flail of Trog, Transmuting {flame, Str+4}
 85093 | Slime:5  | Got the Folio of the Gang
 85112 | Slime:5  | Identified the +4 short sword "Ofueg" {flame, rN+ Will+
                  | Dex+2 Stlth+}
 85115 | Slime:5  | Got a slimy rune of Zot
 85153 | Slime:5  | Identified the amulet of Ahenamau {Spirit +Inv}
 85155 | Slime:5  | Got the Secrets of Erosion
 85186 | Slime:5  | Identified the +8 halberd of No Interval {freeze, +Blink
                  | rPois rN++ Dex-4}
 85189 | Slime:5  | Identified the +1 plate armour "Kefel" {-Tele Int+3}
 85232 | Slime:5  | Identified the +10 falchion "Xett" {spect, *Rage rF+ rCorr}
 86468 | Zig:1    | Entered Level 1 of a ziggurat
 86513 | Zig:2    | Entered Level 2 of a ziggurat
 86541 | Zig:3    | Entered Level 3 of a ziggurat
 86567 | Zig:4    | Entered Level 4 of a ziggurat
 86640 | Zig:5    | Entered Level 5 of a ziggurat
 86686 | Zig:6    | Entered Level 6 of a ziggurat
 86728 | Zig:7    | Entered Level 7 of a ziggurat
 86734 | Zig:7    | Gained mutation: Potions are less effective at restoring
                  | your health. [a shining eye]
 86775 | Zig:8    | Entered Level 8 of a ziggurat
 86820 | Zig:8    | Learned a level 6 spell: Dispersal
 86827 | Zig:8    | Got the Reference Book on Locality and Metal
 86830 | Zig:9    | Entered Level 9 of a ziggurat
 86899 | Zig:9    | Identified the +8 morningstar of Mourning {freeze, rElec
                  | Will+ SInv Stlth+}
 86901 | Zig:9    | Identified the staff "Conservator" {rElec rN+ Necro}
 86912 | Zig:9    | Identified the +0 cloak of Lilacs {+Inv rPois Will+}
 86916 | Zig:10   | Entered Level 10 of a ziggurat
 86936 | Zig:10   | Was placed under penance by the Shining One
 86987 | Zig:10   | Found the +3 crown of Dyrovepreva {rElec Int+2 SInv}
 87003 | Zig:10   | Identified the staff "Murmur" {rF+ Str-4 Dex+3 SInv Fire}
 87008 | Zig:10   | Identified the ring of Ashenzari's Envy {rPois rN+ rCorr}
 87029 | Zig:11   | Entered Level 11 of a ziggurat
 87043 | Zig:11   | Reached skill level 15 in Translocations
 87061 | Zig:11   | Noticed a dread lich
 87065 | Zig:11   | Paralysed by something for 2 turns
 87078 | Zig:11   | Killed a dread lich
 87099 | Zig:11   | Identified the ring "Ixteri" {Str+6 SInv}
 87108 | Zig:11   | Identified the +1 halberd of Prudence {venom, rC+++ Dex-3}
 87114 | Zig:12   | Entered Level 12 of a ziggurat
 87122 | Zig:12   | Noticed a royal mummy
 87130 | Zig:12   | Was forgiven by the Shining One
 87131 | Zig:12   | Noticed a royal mummy
 87138 | Zig:12   | Killed a royal mummy
 87139 | Zig:12   | Slain by a death scarab

Illustrated notes

Levels and vault maps discovered:
D:1:      lemuel_arrival_behind_the_door_large, layout_basic,
          hellmonk_ecumenical_altar_inner_sanctum, serial_bayou,
          serial_bayou_ford_a, serial_bayou_lagoon_b, serial_bayou_shore_b,
          serial_bayou_crossing
D:2:      layout_rooms, serial_shops, shop, shop, nicolae_shop_tiny_glass,
          nicolae_shop_bloodbath_and_beyond, shop, nicolae_figureground_pulse
D:3:      layout_basic, gammafunk_ghost_split, minmay_crystal_room, uniq_sigmund
D:4:      layout_basic
D:5:      layout_basic, minmay_temple_entry_proselytizer, uniq_edmund
D:6:      layout_loops_ring, dk_yredelemnul_ordeal, grunt_potential
D:7:      layout_loops_ring, nicolae_qazlal_beasts_of_the_sky, uniq_duvessa,
          uniq_pikel
D:8:      layout_cave_pods, nicolae_ru_sacrificial_ziggurat, serial_park,
          serial_park_paths [serial_park_minivault_5x5_5], serial_park_square3
          [serial_park_minivault_5x5_1], serial_park_square3
          [serial_park_minivault_5x5_7], serial_park_tiny_1, uniq_maurice
D:9:      layout_cave_pools, mainiacjoe_overflow_catwalk,
          nicolae_wooded_promenade
D:10:     layout_roguey, nicolae_uskayaw_dance_studio, minmay_lair_entry_grove,
          dk_noncrumbling_4, serial_bayou_pond_e, lightli_church_of_beogh
D:11:     layout_cave_pods, erik_orc_1, portal_ice_cave_entry_pillars_2
D:12:     layout_stronghold, bloody_trog, uniq_fannar, uniq_frances, uniq_lodul
D:13:     wad_pebble_path, layout_basic, david_vaults_3
D:14:     layout_irregular_city, hangedman_decor_points,
          minmay_fractal_squares_gapless_5
D:15:     hellmonk_depths_entry_around_the_bend, layout_basic,
          serial_co_window_serial, co_window_paths_a, co_window_paths_a,
          co_window_paths_b, co_window_corner_a, co_window_corner_a,
          co_window_corner_b, co_window_2corner, co_window_broadway_c,
          co_window_unsneaky_path_d, co_window_4corner_b, glass_columns_a
Temple:   minmay_temple_bridge_d
Lair:1:   layout_roguey, nicolae_lair_liquid_snakes
Lair:2:   layout_regular_city, lemuel_fruit_tree, lemuel_fruit_fields,
          uniq_nergalle
Lair:3:   layout_regular_city, nicolae_shoals_entry_roost,
          minmay_snake_entry_guardpost_small, nicolae_volcano_entry_s_turn,
          eino_small_chamber_without_monster, minmay_stone_trees_medium,
          gammafunk_lair_bear_cave
Lair:4:   layout_loops_ring, dpeg_slime_entry_enclosed,
          pdpol_lair_neglected_garden, uniq_nessos
Lair:5:   guppyfry_lair_end_dragon, layout_hall_layers,
          hangedman_lair_tendril_chambers, minmay_stone_trees_small,
          grunt_megastairs_5
Shoals:1: layout_shoals
Shoals:2: layout_shoals, ebering_ghost_inner_flame,
          nicolae_shoals_square_sea_wall
Shoals:3: layout_shoals, nicolae_shoals_spectral_cove
Shoals:4: shoals_end_simple, layout_shoals
Snake:1:  layout_onion_interference, basic_altar, lightli_airlock
Snake:2:  layout_grid_shapes
Snake:3:  layout_grid_maze, gammafunk_ghost_wrathful_warriors, uniq_bai_suzhen
Snake:4:  grunt_snake_rune_spirals, layout_onion
Slime:1:  layout_caves
Slime:2:  layout_caves, uniq_dissolution
Slime:3:  layout_caves
Slime:4:  layout_caves
Slime:5:  slime_pit_nicolae_trefoil
Orc:1:    layout_caves, mines3_lemuel
Orc:2:    grunt_orc_gardens, layout_caves, grunt_orc_garden, grunt_orc_garden,
          grunt_orc_garden, grunt_orc_garden
Elf:1:    eino_elf_arrival_shootout, layout_loops_ring, serial_shops,
          nicolae_shop_tiny_glass, hangedman_elf_disciples
Elf:2:    nicolae_elf_blades_crystal_corner, layout_loops_corners, uniq_azrael,
          uniq_aizul
Elf:3:    minmay_elf_hall_four_x, layout_geoelf_diagonals
Vaults:1: v_misc_8, vaults_room_semicircle, vaults_room_semicircle,
          nicolae_vaults_alarming, nicolae_vaults_little_squares_4,
          ontoclasm_vaults_shuriken, nicolae_vaults_network_barrier,
          nicolae_vaults_tetromino_L_1, nicolae_vaults_trapezoid_lopsided_1,
          v_misc_15, nicolae_vaults_frosty_reception, v_misc_33,
          layout_vaults_omnicross, serial_shops, shop
Vaults:2: nicolae_vaults_closet_pinwheel_2, hangedman_surveillance_ring,
          nicolae_vaults_prndl, nicolae_vaults_tetromino_Z_2, v_misc_1,
          nicolae_vaults_little_squares_3, vaults_room_stairs_pillars,
          nicolae_vaults_stepped_doors, nicolae_vaults_little_squares_4,
          nicolae_vaults_taking_the_gang_shopping, nicolae_vaults_trapezoid_1,
          nicolae_vaults_prndl, nicolae_vaults_little_squares_1,
          nicolae_vaults_surprise_closet, layout_vaults_omnibox, serial_shops,
          shop, nicolae_shop_window_shopping, shop, enter_trove_2, uniq_mara,
          uniq_frederick
Vaults:3: minmay_crypt_entry_simple_plaza, v_alt_pattern_2,
          nicolae_vaults_sightless_eye, vaults_mumra_chevron_long,
          ontoclasm_vaults_pinch, v_alt_pattern_6, v_misc_9, v_misc_22,
          hangedman_vaults_variations, hangedman_vaults_hat, vaults_mumra_lcd,
          ontoclasm_vaults_ligature, layout_vaults_ring
Vaults:4: nicolae_vaults_heart-shaped_vault, v_misc_28, v_alt_pattern_2,
          vaults_room_hallway, nicolae_vaults_closet_pinwheel_3, v_misc_9,
          nicolae_vaults_sealed_display, nicolae_vaults_theta,
          layout_vaults_omnigrid
Crypt:1:  layout_chaotic_city, grunt_megastairs_1, uniq_boris
Crypt:2:  layout_chaotic_city, hellmonk_ghost_happy_afterlife, st_stairs_3
Crypt:3:  church_of_pain_bobbens, layout_chaotic_city
Tomb:1
Depths:1: layout_cave_shapes, enter_ziggurat_f, moated_statue,
          grunt_mini_vestibule, serial_shops, shop, minivault_16,
          hangedman_decor_clover_reticule, nicolae_tricolors
Depths:2: minmay_outward_triangles, layout_cave_shapes, abyss_entry,
          minmay_misc_feat_hallway, rand_demon_pan_entry_1, hell_entry,
          hex_large, minmay_staircase_bubble
Depths:3: evilmike_halls_of_destruction, layout_basic, abyss_entry,
          serial_curves, eino_curves_02, eino_curves_02, hell_entry,
          minmay_hollow_rounded_squares, infiniplex_staircase_spiral_double,
          uniq_grunn
Depths:4: hangedman_slaughterboxes, abyss_entry, hell_entry
Hell
Tar:1:    layout_honeycomb
Tar:2:    layout_catacombs
Tar:3:    layout_grid_maze
Tar:4:    layout_grid_maze
Tar:5:    layout_grid_maze, nicolae_tar_combstack
Tar:6:    layout_cathedral_of_symmetry
Tar:7:    tar_minmay_river
Zot:1:    grunt_deathspiral_small, layout_onion
Zot:2:    layout_gridlike, gammafunk_ghost_mausoleum, grunt_ministairs_12
Zig:12

Skill      XL: |  1  2  3  4  5  6  7  8  9 10 11 12 13 14 15 16 17 18 19 20 21 22 23 24 25 26 27 |
---------------+----------------------------------------------------------------------------------+-----
Stealth        | 1 2 3 4 5 6 7 8 9 10 | 10.0
Dodging        | 3 4 5 6 8 9 10 11 13 14 15 16 17 18 19 20 21 | 21.0
Fighting       | 3 4 6 8 9 10 11 12 13 14 15 16 18 19 20 21 | 21.0
Ranged Weapons | 5 6 8 9 10 11 12 13 14 15 16 17 19 20 21 | 21.0
Invocations    | 2 4 6 8 9 10 11 12 13 14 15 16 17 | 17.0
Translocations | 4 7 9 10 11 12 16 | 16.1
Spellcasting   | 3 5 8 10 11 13 14 15 | 15.0
Hexes          | 10 12 13 15 17 18 19 24 | 24.0
Armour         | 1 7 8 |  8.0
Ice Magic      | 10 13 15 18 19 22 | 22.0

Action                     |  1- 3 |  4- 6 |  7- 9 | 10-12 | 13-15 | 16-18 | 19-21 | 22-24 | 25-27 || total
---------------------------+-------+-------+-------+-------+-------+-------+-------+-------+-------++-------
  Melee: Arbalest          |       |       |       |       |       |       |     4 |       |    16 ||    20
   Fire: Shortbow          |   104 |   160 |   382 |  1417 |   829 |       |       |       |       ||  2892
         Longbow           |       |       |       |       |  1052 |  1692 |   624 |       |       ||  3368
         Arbalest          |       |       |       |       |       |       |  1085 |  1646 |  1838 ||  4569
   Cast: Passage of Golubr |       |       |       |       |       |     6 |    10 |     8 |     1 ||    25
         Blink             |       |       |       |       |       |     1 |    12 |     2 |     3 ||    18
         Cause Fear        |       |       |       |       |       |       |     5 |     1 |     2 ||     8
         Dimensional Bulls |       |       |       |       |       |       |    78 |    50 |    58 ||   186
         Tukima's Dance    |       |       |       |       |       |       |     3 |     3 |       ||     6
         Metabolic Englaci |       |       |       |       |       |       |       |     8 |     7 ||    15
         Ozocubu's Refrige |       |       |       |       |       |       |       |     2 |    61 ||    63
         Ozocubu's Armour  |       |       |       |       |       |       |       |     4 |     1 ||     5
         Enfeeble          |       |       |       |       |       |       |       |       |     6 ||     6
         Discord           |       |       |       |       |       |       |       |       |    39 ||    39
         Dispersal         |       |       |       |       |       |       |       |       |     1 ||     1
 Invoke: Divine Shield     |       |       |       |     2 |       |     1 |     1 |       |     1 ||     5
         Summon Divine War |       |       |       |       |       |     4 |     5 |    11 |    23 ||    43
         Brand Weapon With |       |       |       |       |       |       |     1 |       |       ||     1
         Cleansing Flame   |       |       |       |       |       |       |     3 |       |    30 ||    33
Ability: Hop               |     1 |       |     4 |    11 |    25 |    25 |    37 |    36 |    31 ||   170
  Evoke: Wand              |       |       |    13 |       |       |       |     1 |       |     1 ||    15
    Use: Scroll            |     4 |     5 |    12 |    12 |     9 |    14 |    20 |    11 |     7 ||    94
         Potion            |       |       |     4 |     7 |     6 |     5 |    12 |     4 |    10 ||    48
 Armour: Leather armour    |    17 |    21 |   139 |   289 |   459 |       |       |       |       ||   925
         Steam dragon scal |       |       |       |    78 |       |       |       |       |       ||    78
         Skin              |       |       |       |   196 |   117 |       |       |       |       ||   313
         Acid dragon scale |       |       |       |       |    12 |       |       |       |       ||    12
         Swamp dragon scal |       |       |       |       |   215 |   594 |   561 |    51 |       ||  1421
         Quicksilver drago |       |       |       |       |       |       |       |   610 |  1113 ||  1723
         Robe              |       |       |       |       |       |       |       |       |    59 ||    59
  Dodge: Dodged            |    20 |    26 |   155 |   913 |  1985 |  1311 |  1096 |   994 |  2142 ||  8642
  Block: Other             |       |       |       |    22 |       |     3 |    11 |       |     1 ||    37

Table legend: (Time is in decaauts)
 A = Elapsed time spent in this place.
 B = Non-inter-level travel time spent in this place.
 C = Inter-level travel time spent in this place.
 D = Time resting spent in this place.
 E = Time spent auto-exploring this place.
 F = Levels seen in this place.
 G = Mean time per level.
                   A        B        C        D        E       F      G
               +--------+--------+--------+--------+--------+-----+--------+
         Total |  96002 |  86252 |   9750 |  23945 |  38136 |  75 | 1280.0 |
       Dungeon |  21969 |  18852 |   3117 |   3403 |  11448 |  15 | 1464.6 |
        Temple |    170 |      4 |    166 |      0 |      0 |   1 |  170.0 |
          Lair |  10943 |   9791 |   1152 |   2912 |   4658 |   5 | 2188.6 |
        Shoals |   5899 |   5611 |    288 |   1271 |   3200 |   4 | 1474.8 |
     Snake Pit |  10519 |   9813 |    706 |   4596 |   3396 |   4 | 2629.8 |
    Slime Pits |   3006 |   2769 |    237 |    217 |   1553 |   5 |  601.2 |
  Orcish Mines |   2714 |   2571 |    143 |   1007 |   1111 |   2 | 1357.0 |
   Elven Halls |   4687 |   4518 |    169 |   1603 |   1767 |   3 | 1562.3 |
        Vaults |  11889 |  10468 |   1421 |   3603 |   4014 |   4 | 2972.2 |
         Crypt |   3894 |   3470 |    424 |    571 |   1916 |   3 | 1298.0 |
          Tomb |   1148 |    893 |    255 |    186 |     61 |   1 | 1148.0 |
        Depths |   8847 |   7769 |   1078 |   2167 |   2270 |   4 | 2211.8 |
          Hell |    661 |    623 |     38 |     19 |    327 |   1 |  661.0 |
      Tartarus |   4776 |   4420 |    356 |   1209 |    970 |   7 |  682.3 |
           Zot |   2672 |   2479 |    193 |    221 |   1434 |   2 | 1336.0 |
      Ziggurat |    744 |    744 |      0 |    130 |      4 |  12 |   62.0 |
         Trove |     59 |     59 |      0 |      0 |      0 |   1 |   59.0 |
      Ice Cave |   1398 |   1398 |      0 |    828 |      0 |   1 | 1398.0 |
               +--------+--------+--------+--------+--------+-----+--------+

Top non-repeatable levels by time:
 Snake:1: 3342 daAuts
Vaults:2: 3184 daAuts
 Snake:4: 3182 daAuts
Vaults:1: 3154 daAuts
Vaults:3: 3094 daAuts
   Tar:7: 3093 daAuts
Depths:3: 3061 daAuts
 Snake:3: 3009 daAuts
  Lair:2: 2961 daAuts
Depths:4: 2857 daAuts
Vaults:4: 2456 daAuts
  Lair:5: 2372 daAuts
   Elf:3: 2318 daAuts
    D:15: 2297 daAuts
     D:8: 2183 daAuts
